Map: Prion Terraces

Players

Grumm - Winner!

  • Race: Protoss Protoss
  • League: Gold

Tourgasm

  • Race: Terran Terran
  • League: Gold

VOD

Have the link to the VOD?

Description

Time

  • Played on: Feb. 12, 2016, 12:06 p.m.
  • Length: 6:06
Show
View Real Time Build Order
Export as new Build Order

Grumm Protoss - Winner!

Build Orders:  

Get SALT Encoding   

  12  0:01  Probe (Chrono Boost)  
  13  0:11  Probe (Chrono Boost)  
  14  0:20  Pylon  
  14  0:27  Assimilator  
  15  0:28  Probe (Chrono Boost)  
  15  0:41  Gateway  
  15  0:45  Probe (Chrono Boost)  
  16  0:58  Gateway  
  16  1:00  Probe (Chrono Boost)  
  17  1:11  Probe (Chrono Boost)  
  18  1:14  Pylon  
  18  1:29  Zealot (Chrono Boost)  
  18  1:31  Cybernetics Core  
  20  1:39  Probe  
  21  1:44  Pylon  
  21  1:51  Probe  
  22  2:08  Adept (Chrono Boost)  
  24  2:09  Stalker (Chrono Boost)  
  24  2:11  Warp Gate (Chrono Boost)  
  24  2:15  Assimilator, Probe  
  27  2:27  Mothership Core  
  27  3:01  Robotics Facility  
  27  3:11  Probe  
  28  3:14  Nexus  
  28  3:16  Pylon  
  28  3:23  Pylon  
  28  3:48  Warp Prism (Chrono Boost)  
  30  4:00  Forge  
  30  4:04  Gateway  
  30  4:07  Pylon  
  30  4:11  Stargate, Probe  
  30  4:16  Pylon  
  31  4:23  Probe  
  32  4:26  Assimilator  
  32  4:28  Stalker  
  32  4:30  Adept  
  36  4:52  Probe  
  37  4:54  Probe  
  38  5:01  Immortal (Chrono Boost)  
  38  5:04  Probe  
  43  5:21  Stalker  
  43  5:22  Adept  
  43  5:23  Adept  
  39  5:53  Adept x2  
  39  5:54  Adept  
Show
View Real Time Build Order
Export as new Build Order

Tourgasm Terran 

Build Orders:  

Get SALT Encoding   

  12  0:01  SCV  
  13  0:13  SCV  
  14  0:19  Supply Depot  
  14  0:27  Refinery  
  14  0:29  SCV  
  15  0:45  Barracks  
  15  0:49  SCV  
  16  1:01  SCV  
  16  1:04  Supply Depot  
  17  1:13  SCV  
  18  1:33  SCV  
  18  1:37  Bunker  
  18  1:39  Supply Depot  
  19  1:42  Supply Depot  
  19  1:46  Reaper  
  20  1:48  SCV  
  21  2:01  Orbital Command  
  21  2:25  Marine  
  22  2:43  Marine  
  23  2:56  Command Center  
  23  3:04  Marine  
  23  3:05  Barracks  
  23  3:07  Barracks  
  23  3:29  SCV  
  23  3:32  Factory  
  24  3:47  Marine  
  25  3:52  Engineering Bay  
  25  4:03  Barracks Tech Lab  
  25  4:04  Marine  
  25  4:09  Refinery  
  26  4:11  Orbital Command  
  26  4:25  Marauder  
  26  4:30  Engineering Bay  
  27  5:01  SCV  
  27  5:19  Marine x2  
  27  5:20  Marine  
Tags
 
Add a new tag
Caveats
  • Supply blocks, unpowered buildings, or Contaminate may cause inaccurate times.
  • Supply counts are checked every 10 seconds.